 Dungeon Crawl Stone Soup version 0.28.0-45-g0d030f2227 (webtiles) character file.

Game seed: 9718346821502126921

9159 H0rd4k the Thaumaturge (level 11, -1/84 HPs)
             Began as a Deep Elf Hedge Wizard on Apr 13, 2022.
             Was an Initiate of Gozag.
             Slain by a mana viper (15 damage)
             ... on level 14 of the Dungeon.
             The game lasted 00:29:59 (18545 turns).

H0rd4k the Thaumaturge (Deep Elf Hedge Wizard)     Turns: 18545, Time: 00:30:00

Health: -1/84      AC:  9    Str: 12    XL:     11   Next: 19%
Magic:  0/31       EV: 13    Int: 30    God:    Gozag
Gold:   584        SH:  0    Dex: 14    Spells: 19/39 levels left

rFire   . . .      SeeInvis .   n - staff of earth
rCold   . . .      Faith    .   (no shield)
rNeg    . . .      Spirit   +   I - +2 leather armour "Kassoera" {Str+5}
rPois   .          Reflect  .   c - +0 hat
rElec   .          Harm     .   (no cloak)
rCorr   .          Rampage  .   (no gloves)
Will    +....                   (no boots)
Stlth   ..........              A - amulet of guardian spirit
HPRegen 0.24/turn               e - +6 ring of intelligence
MPRegen 0.22/turn               B - +4 ring of protection

@: berserking (expiring), very quick
A: no striking features
a: Renounce Religion, Potion Petition, Call Merchant, Bribe Branch


You were on level 14 of the Dungeon.
You worshipped Gozag.
Gozag was pleased with you.
You visited 2 branches of the dungeon, and saw 14 of its levels.

You collected 1594 gold pieces.
You spent 432 gold pieces at shops.
You paid 578 gold pieces to Gozag.

Inventory:

Hand Weapons
 p - a +0 dagger of draining
Missiles
 v - 2 throwing nets
Armour
 b - a +0 robe
 c - a +0 hat (worn)
 I - the +2 leather armour "Kassoera" (worn) {Str+5}
   (You found it on level 8 of the Dungeon)

   Str:       It affects your strength (+5).
Magical Staves
 n - a staff of earth (weapon)
 y - a staff of death
Jewellery
 d - a ring of wizardry
 e - a +6 ring of intelligence (left hand)
 A - an amulet of guardian spirit (around neck)
 B - a +4 ring of protection (right hand)
Wands
 F - a wand of flame (22)
 M - a wand of polymorph (2)
Scrolls
 a - 2 scrolls of magic mapping {unknown}
 f - 2 scrolls of immolation {unknown}
 g - 7 scrolls of teleportation
 h - 2 scrolls of enchant weapon {unknown}
 j - a scroll of noise {unknown}
 l - a scroll of fear {unknown}
 q - 2 scrolls of fog {unknown}
 t - a scroll of enchant armour {unknown}
 u - 2 scrolls of silence {unknown}
 w - a scroll of holy word {unknown}
 z - a scroll of amnesia {unknown}
 C - a scroll of blinking {unknown}
 E - 2 scrolls of vulnerability {unknown}
 K - a scroll of identify
Potions
 i - a potion of lignification
 k - 5 potions of mutation
 m - 4 potions of might
 o - a potion of haste
 r - a potion of brilliance
 s - a potion of berserk rage
 x - 2 potions of attraction
 D - 2 potions of degeneration {unknown}
 G - a potion of cancellation
 H - a potion of magic {unknown}
 J - a potion of flight {unknown}
 L - 2 potions of curing


   Skills:
 + Level 1.4 Fighting
 + Level 5.2 Dodging
 - Level 2.4 Stealth
 + Level 14.9 Spellcasting
 + Level 10.7 Conjurations
 + Level 1.1 Summonings
 + Level 3.2 Translocations
 + Level 3.8 Fire Magic
 + Level 3.5 Air Magic
 * Level 1.3 Earth Magic
 + Level 3.4 Poison Magic
 + Level 4.0 Evocations


You had 19 spell levels left.
You knew the following spells:

 Your Spells              Type           Power      Damage    Failure   Level
a - Magic Dart            Conj           100%       1d8       1%          1
b - Blink                 Tloc           84%        N/A       1%          2
c - Conjure Flame         Conj/Fire      60%        6-21      1%          3
d - Mephitic Cloud        Conj/Pois/Air  55%        N/A       1%          3
e - Stone Arrow           Conj/Erth      100%       3d13      1%          3
f - Lehudib's Crystal Sp  Conj/Erth      36%        10d9      100%        8

Your spell library contained the following spells:

 Spells                   Type           Power      Damage    Failure   Level
 Freeze                   Ice            88%        1d10      2%          1
 Pain                     Necr           88%        1d8       2%          1
 Slow                     Hex            88%        N/A       2%          1
 Call Imp                 Summ           29%        N/A       2%          2
 Hailstorm                Conj/Ice       53%        3d12      3%          4
 Portal Projectile        Hex/Tloc       64%        N/A       4%          3
 Frozen Ramparts          Ice            44%        1d6       9%          3
 Animate Armour           Summ/Erth      88%        N/A       16%         4
 Agony                    Necr           22%        N/A       58%         5
 Blade Hands              Tmut           11%        N/A       58%         5
 Excruciating Wounds      Necr           11%        N/A       58%         5


Dungeon Overview and Level Annotations

Branches:
Dungeon (14/15)            Temple (1/1) D:5            Lair (0/6) D:10
    Orc: D:9-12      Vaults: D:13-14

Altars:
Cheibriados
Dithmenos
Gozag
Nemelex Xobeh
Qazlal
Ru
Uskayaw
Vehumet
Xom
Yredelemnul
The Shining One

Shops:
D:2 *   D:5 ?   D:10 :   D:11 =

Portals:
Ice
Cave: D:13

Annotations:
D:3 3 runed translucent doors, exclusions: door and 2 downstairs, GreyArmor's ghost, amateur TrBe; Omnilove's ghost, amateur MiBe; Peloso's ghost, amateur MiFi; Zeus21348's ghost, amateur DsHu
D:4 Grinder
D:5 exclusion: 2 downstairs
D:6 exclusion: downstairs
D:7 2 runed translucent doors, exclusion: 2 doors
D:9 exclusion: downstairs
D:10 exclusions: downstairs and 1 more exclusion
D:13 Snorg


Message History

* * * LOW HITPOINT WARNING * * *
The centaur warrior shoots an arrow.
The arrow barely misses you.
Okay, then.
Unknown command.
Aiming: Polymorph
Press: ? - help, Shift-Dir - straight line, f - centaur warrior
Aim: a centaur warrior, wielding a +0 shortbow and quivering arrows (will become a hog, a snapping turtle, or a mana viper, chance to affect: 41%)
The centaur warrior evaporates and reforms as a mana viper!
Unknown command.
Casting: Mephitic Cloud (safe; 1% risk of failure)
Confirm with . or Enter, or press ? or * to list all spells.
The fire begins to smoulder!
The fire ignites!
It was a potion of berserk rage.
A red film seems to cover your vision as you go berserk!
You feel yourself moving faster!
You feel mighty!
You are too berserk!
Unknown command.
You feel a strong urge to attack something.
The mana viper is engulfed in blazing flames.
The mana viper bites you!
* * * LOW HITPOINT WARNING * * *
You feel your power leaking away.
Unknown command.
You are too berserk!
You are too berserk!
Unknown command.
You are too berserk!
Unknown command.
You are too berserk!
Unknown command.
Okay, then.
Unknown command.
The mana viper is engulfed in blazing flames.
The mana viper closely misses you.
You feel your anger nearly subside.
The mana viper is engulfed in blazing flames.
The mana viper bites you!
You die...
Your body crumbles into a pile of gold.

#.#.####.....>.....#
#.#.####.#####.#####
#.#......# #.#
#.######## #.# #.
#.# #. #.# $ #.# #.#
#@########
#.S....):.
##########


You could see a mana viper.

Vanquished Creatures
  Josephine (D:10)
  2 manticores
  A cyclops (D:11)
  A centaur zombie (D:9)
  Joseph (D:8)
  Psyche (D:8)
  A kobold demonologist (D:9)
  A vampire (D:11)
  A shadow (D:8)
  Sigmund (D:5)
  A wyvern (D:8)
  5 wraiths
  3 yaks (D:9)
  Edmund (D:5)
  3 acid dragons
  6 orc warriors
  A black bear (D:6)
  A necrophage (D:6)
  2 ice beasts
  2 ogres (D:5)
  2 sky beasts (D:5)
  6 centaurs
  Blork the orc (D:4)
  3 kobold brigands
  A bullfrog (D:4)
  3 gnoll sergeants
  2 scorpions
  A water moccasin zombie (D:5)
  4 wights (D:6)
  3 howler monkeys
  2 gnoll shamans
  2 hounds
  A bullfrog zombie (D:6)
  9 orc priests
  A centaur skeleton (D:7)
  2 jellies
  Crazy Yiuf (D:2)
  Jessica (D:2)
  8 orc wizards
  A scorpion zombie (D:5)
  Natasha (thrice) (D:3)
  5 iguanas
  A killer bee zombie (D:6)
  A hound skeleton (D:4)
  Robin (D:3)
  23 gnolls
  3 adders
  A shadow imp (D:6)
  A white imp (D:4)
  2 worms
  2 dart slugs
  29 orcs
  7 endoplasms
  2 giant cockroaches
  11 goblins
  8 hobgoblins
  7 ball pythons
  3 bats
  10 kobolds
  3 rats
213 creatures vanquished.

Vanquished Creatures (others)
  2 plants (D:4)
  2 withered plants (D:3)
4 creatures vanquished.

Grand Total: 217 creatures vanquished

Notes
Turn   | Place    | Note
-------+----------+-------------------------------------------
     0 | D:1      | H0rd4k the Deep Elf Hedge Wizard began the quest for the
                  | Orb.
     0 | D:1      | Reached XP level 1. HP: 10/10 MP: 7/7
   722 | D:1      | Found a faded altar of an unknown god.
   842 | D:1      | Reached skill level 5 in Spellcasting
   842 | D:1      | Reached XP level 2. HP: 10/15 MP: 3/10
  1076 | D:2      | Noticed Jessica
  1080 | D:2      | Killed Jessica
  1081 | D:2      | Reached XP level 3. HP: 19/19 MP: 7/12
  1334 | D:2      | Found Beluulif's Assorted Antiques.
  1386 | D:2      | Found a runed translucent door.
  1387 | D:2      | Noticed Crazy Yiuf
  1732 | D:2      | Learned a level 2 spell: Blink
  1736 | D:2      | Learned a level 3 spell: Conjure Flame
  1740 | D:2      | Learned a level 3 spell: Mephitic Cloud
  1941 | D:2      | Reached skill level 6 in Spellcasting
  2339 | D:3      | Reached XP level 4. HP: 24/24 MP: 11/14
  2377 | D:3      | Noticed Robin
  2387 | D:3      | Killed Robin
  2714 | D:3      | Noticed Natasha
  2864 | D:3      | Found a runed translucent gate.
  2864 | D:3      | Found a runed translucent gate.
  2865 | D:3      | Found a runed translucent gate.
  2867 | D:3      | Noticed GreyArmor's ghost (amateur TrBe)
  2867 | D:3      | Noticed Peloso's ghost (amateur MiFi)
  2868 | D:3      | Noticed Omnilove's ghost (amateur MiBe)
  2869 | D:3      | Noticed Zeus21348's ghost (amateur DsHu)
  3678 | D:4      | Noticed a scorpion
  3685 | D:4      | Noticed Blork the orc
  3704 | D:4      | Killed a scorpion
  3705 | D:4      | Reached XP level 5. HP: 22/28 MP: 5/16
  3705 | D:4      | Killed Blork the orc
  3706 | D:4      | Reached skill level 1 in Fire Magic
  3706 | D:4      | Reached skill level 1 in Poison Magic
  3756 | D:4      | Reached skill level 1 in Air Magic
  3902 | D:4      | Reached skill level 7 in Spellcasting
  3902 | D:4      | Reached XP level 6. HP: 25/32 MP: 12/18
  3982 | D:4      | Noticed Grinder
  4409 | D:4      | Found a sparkling altar of Nemelex Xobeh.
  4711 | D:5      | Entered Level 5 of the Dungeon
  4759 | D:5      | Reached XP level 7. HP: 36/36 MP: 7/20
  4874 | D:5      | Reached skill level 8 in Spellcasting
  5092 | D:4      | Found a basalt altar of Yredelemnul.
  5307 | D:5      | Found a staircase to the Ecumenical Temple.
  5318 | Temple   | Entered the Ecumenical Temple
  5351 | Temple   | Became a worshipper of Gozag Ym Sagoz the Greedy
  5577 | D:5      | Found a glowing golden altar of the Shining One.
  5620 | D:5      | Reached skill level 5 in Conjurations
  5620 | D:5      | Reached skill level 1 in Evocations
  5625 | D:5      | Reached skill level 9 in Spellcasting
  5752 | D:5      | Noticed Sigmund
  5768 | D:5      | Killed Sigmund
  5769 | D:5      | Reached XP level 8. HP: 42/42 MP: 13/23
  5775 | D:5      | Noticed Edmund
  5827 | D:5      | Killed Edmund
  5980 | D:5      | Found Xeyhul's Magic Scroll Shop.
  6451 | D:6      | Reached skill level 10 in Spellcasting
  8034 | D:6      | Reached XP level 9. HP: 46/46 MP: 12/25
  8311 | D:6      | Reached skill level 11 in Spellcasting
 10359 | D:7      | Reached skill level 1 in Fighting
 10532 | D:7      | Reached skill level 12 in Spellcasting
 11154 | D:7      | Found a large runed translucent door.
 11155 | D:7      | Found a large runed translucent door.
 11481 | D:2      | Identified the +2 hunting sling of the Revolution {venom,
                  | Int-5 Dex+7}
 11739 | D:2      | Killed Crazy Yiuf
 11869 | D:3      | Killed Natasha
 12366 | D:3      | Noticed Natasha
 12369 | D:3      | Killed Natasha
 12430 | D:3      | Noticed Natasha
 12435 | D:3      | Killed Natasha
 12853 | D:8      | Noticed Psyche
 12876 | D:8      | Killed Psyche
 13114 | D:8      | Found a hide-covered altar of Uskayaw.
 13196 | D:8      | Reached XP level 10. HP: 52/52 MP: 19/28
 13356 | D:8      | Noticed Joseph
 13371 | D:8      | Killed Joseph
 14147 | D:8      | Identified the +2 leather armour "Kassoera" {Str+5}
 14462 | D:9      | Reached skill level 13 in Spellcasting
 14766 | D:9      | Reached skill level 5 in Dodging
 15276 | D:9      | Reached skill level 10 in Conjurations
 15833 | D:10     | Entered Level 10 of the Dungeon
 15833 | D:10     | Noticed a manticore
 15833 | D:10     | Noticed a catoblepas
 15906 | D:10     | Noticed Josephine
 15931 | D:10     | Reached skill level 14 in Spellcasting
 15942 | D:10     | Killed Josephine
 16729 | D:10     | Found a staircase to the Lair.
 17075 | D:10     | Killed a manticore
 17076 | D:10     | Reached XP level 11. HP: 32/56 MP: 6/31
 17321 | D:10     | Bought a book of Armaments for 432 gold pieces
 17325 | D:10     | Learned a level 3 spell: Stone Arrow
 17334 | D:10     | Learned a level 8 spell: Lehudib's Crystal Spear
 17826 | D:11     | Noticed a two-headed ogre
 18140 | D:11     | Found Tevuajim's Jewellery Shoppe.
 18258 | D:11     | Reached skill level 1 in Earth Magic
 18268 | D:11     | Noticed a tengu warrior
 18505 | D:11     | You fall into a shaft and drop 3 floors!
 18510 | D:13     | Noticed Snorg
 18510 | D:13     | Noticed a fire crab
 18510 | D:13     | Noticed a tengu warrior
 18510 | D:13     | Found a frozen archway.
 18516 | D:14     | a fire crab changed into an elephant
 18517 | D:14     | Noticed a shining eye
 18517 | D:14     | an elephant changed into a shining eye
 18536 | D:14     | Noticed a centaur warrior
 18539 | D:14     | Noticed a mana viper
 18539 | D:14     | a centaur warrior changed into a mana viper
 18545 | D:14     | Slain by a mana viper

Illustrated notes

Levels and vault maps discovered:
D:1:      dpeg_arrival_refuge, layout_basic,
          hellmonk_ecumenical_altar_inner_sanctum
D:2:      layout_loops_corners, serial_shops, shop_statue, minmay_liquid_box,
          uniq_crazy_yiuf_cottage, uniq_jessica
D:3:      layout_basic, gammafunk_ghost_cemetery, minmay_misc_feat_rugged,
          dk_vineyard_3, uniq_natasha, uniq_robin
D:4:      layout_rooms, amcnicky_altar_gilded, nemelex_altar_shiori,
          dk_noncrumbling_4, minmay_misc_feat_encased, serial_bayou_crossing,
          uniq_grinder, uniq_blork_the_orc
D:5:      layout_basic, mainiacjoe_overflow_alcove_1, minmay_temple_entry_glass,
          serial_shops, shop, sigmund_edmund_badplayer
D:6:      layout_basic, grunt_ministairs_8, hex_tiny, minmay_misc_feat_ornament,
          nicolae_concentric_dashed_squares_wild
D:7:      nicolae_cairo_tiling_very_big, layout_gridville,
          jmf_multi_god_temple2, minmay_hedge_maze, st_stairs_6
D:8:      layout_basic, mainiacjoe_overflow_24_doors, kennysheep_windowed_goal,
          uniq_joseph, uniq_psyche
D:9:      lemuel_ice_spiral_2, layout_irregular_city
D:10:     nzn_motion_control, layout_irregular_city, dpeg_oklobed_lair,
          uniq_josephine
D:11:     layout_roguey, serial_shops, shop, nzn_random_ring
D:13:     layout_cave_pools, grunt_vaults_entry_tiered,
          portal_ice_cave_entry_ice_simulacra,
          gammafunk_ghost_wrathful_warriors, uniq_maurice, uniq_snorg
D:14:     layout_loops_ring, minmay_stone_trees_small, special_room
          [special_room_orc]
Temple:   kb_temple_of_zot

Skill      XL: |  1  2  3  4  5  6  7  8  9 10 11 |
---------------+----------------------------------+-----
Spellcasting   | 5 6 7 9 10 12 14 | 14.9
Dodging        | 3 4 5 |  5.2
Conjurations   | 2 3 4 5 6 8 10 | 10.7
Fire Magic     | 1 2 3 |  3.8
Poison Magic   | 1 2 3 |  3.4
Air Magic      | 1 2 3 |  3.5
Evocations     | 1 2 3 4 |  4.0
Translocations | 2 3 |  3.2
Fighting       | 1 |  1.4
Earth Magic    | 1 |  1.3
Stealth        | |  2.4
Summonings     | |  1.1

Action                   |  1- 3 |  4- 6 |  7- 9 | 10-12 || total
-------------------------+-------+-------+-------+-------++-------
Melee: Dagger            |     1 |       |       |       ||     1
 Cast: Magic Dart        |    71 |   102 |   456 |   279 ||   908
       Mephitic Cloud    |       |     4 |    24 |    29 ||    57
       Conjure Flame     |       |     2 |    33 |    25 ||    60
       Blink             |       |       |     7 |     1 ||     8
Invok: Call Merchant     |       |       |       |     1 ||     1
Evoke: Wand              |       |     4 |     6 |    26 ||    36
  Use: Scroll            |     4 |       |     1 |     1 ||     6
       Potion            |       |     3 |       |     1 ||     4
Armor: Robe              |       |     2 |    20 |     2 ||    24
       Leather armour    |       |       |       |    16 ||    16
Dodge: Dodged            |     5 |    29 |    90 |    40 ||   164
